 Dungeon Crawl Stone Soup version 0.27-a0-773-gaaee5cf45b (webtiles) character file.

Game seed: 12831884438099138576

197 porpoise the Sneak (level 5, 0/31 (35) HPs)
             Began as an Octopode Venom Mage on Mar 26, 2021.
             Slain by a wight
             ... wielding a +0 falchion
              (4 damage)
             ... on level 3 of the Dungeon.
             The game lasted 00:15:10 (5421 turns).

porpoise the Sneak (Octopode Venom Mage)            Turns: 5421, Time: 00:15:11

HP:   0/31 (35)     AC:  1    Str:  7    XL:     5   Next: 75%
MP:   6/8           EV: 13    Int: 18    God:
Gold: 77            SH:  0    Dex: 13    Spells: 5/8 levels left

rFire    + . .     SeeInvis .   b - +0 dagger
rCold    . . .     Faith    .   (no shield)
rNeg     . . .     Spirit   .   (helmet restricted)
rPois    .         Reflect  .   (no amulet)
rElec    .         Harm     .   f - ring of protection from fire
rCorr    .         Rampage  .   (no ring)
Will     .....                  (no ring)
Stlth    ++++......             (no ring)
HPRegen  0.10/turn              (no ring)
MPRegen  0.11/turn              (no ring)
                                (no ring)
                                (no ring)

@: heavily drained
A: almost no armour, amphibious, 8 rings, camouflage 1, gelatinous body 1,
nimble swimmer 1, tentacles
a: no special abilities


You were on level 3 of the Dungeon.
You visited 1 branch of the dungeon, and saw 4 of its levels.

You collected 242 gold pieces.
You spent 165 gold pieces at shops.

Inventory:

Hand Weapons
 b - a +0 dagger (weapon)
 m - a +2 war axe of flaming
Missiles
 a - 40 sling bullets
 c - 5 silver javelins
 d - 34 stones
 h - 25 bolts
 n - 17 poisoned darts
Jewellery
 f - a ring of protection from fire (left tentacle)
Scrolls
 e - 2 scrolls of enchant armour
 g - a scroll of immolation
 i - a scroll of noise {unknown}
 j - a scroll of fog {unknown}
 o - a scroll of identify
 p - a scroll of teleportation
 q - a scroll of blinking
 s - a scroll of enchant weapon {unknown}
 u - a scroll of fear {unknown}
 v - a scroll of holy word {unknown}
Potions
 k - a potion of invisibility
 l - 2 potions of lignification
 r - a potion of mutation
 t - a potion of haste {unknown}


   Skills:
 + Level 2.3 Fighting
 - Level 2.0 Dodging
 * Level 6.2 Stealth
 - Level 2.0 Spellcasting
 - Level 1.0 Transmutations
 + Level 4.8 Poison Magic


You had 5 spell levels left.
You knew the following spells:

 Your Spells              Type           Power      Damage    Failure   Level
a - Sting                 Tmut/Pois      48%        1d5       5%          1
b - Poisonous Vapours     Pois/Air       20%        N/A       10%         2

Your spell library contained the following spells:

 Spells                   Type           Power      Damage    Failure   Level
 Ignite Poison            Fire/Tmut/Pois 8%         N/A       24%         3
 Olgreb's Toxic Radiance  Pois           19%        N/A       24%         4
 Mephitic Cloud           Conj/Pois/Air  7%         N/A       28%         3


Dungeon Overview and Level Annotations

Branches:
Dungeon (4/15)
 Temple: D:4-7

Altars:

Shops:
D:1 :   D:3 ?

Annotations:
D:4 Edmund


Innate Abilities, Weirdness & Mutations

You cannot wear most types of armour.
You are amphibious.
You can wear up to eight rings at the same time.
Your skin changes colour to match your surroundings (Stealth+).
Your rubbery body absorbs attacks. (AC +1, EV +1)
You are stealthy while swimming. (Stealth+)
You have tentacles for arms and can constrict up to eight enemies at once.


Message History

The wight barely misses you.
You climb upwards.
There is a stone staircase leading down, spattered with blood here.
Casting: Poisonous Vapours (safe; 10% risk of failure)
Confirm with . or Enter, or press ? or * to list all spells.
Aiming: Sting (safe; 5% risk of failure)
Press: ? - help, Shift-Dir - straight line, f - wight
Aim: a wight, wielding a +0 falchion and wearing a +0 robe (29% to evade)
The sting hits the wight but does no damage.
The wight hits you with a +0 falchion.
You feel drained.
Casting: Sting (safe; 5% risk of failure)
Confirm with . or Enter, or press ? or * to list all spells.
Aiming: Sting (safe; 5% risk of failure)
Press: ? - help, Shift-Dir - straight line, f/p - wight
Aim: a wight, wielding a +0 falchion and wearing a +0 robe (29% to evade)
The sting hits the wight but does no damage.
The wight hits you with a +0 falchion!
You barely miss the wight. Your grab misses the wight.
The wight barely misses you.
You hit the wight but do no damage. You grab the wight.
You constrict the wight, but do no damage.
The wight closely misses you.
You hit the wight.
The wight is lightly damaged.
You constrict the wight, but do no damage.
The wight hits you with a +0 falchion!
You hit the wight but do no damage.
The wight is lightly damaged.
You constrict the wight, but do no damage.
The wight misses you.
You hit the wight but do no damage.
The wight is lightly damaged.
You constrict the wight, but do no damage.
The wight closely misses you.
You completely miss the wight.
The wight is lightly damaged.
You constrict the wight. The wight hits you with a +0 falchion!
* * * LOW HITPOINT WARNING * * *
You feel drained.
You die...

....## #.............. ..###
#.............. ########
#.............. .......#
#.............. .......### #####
#.#............ .........##
#...###.............< .......#..#
#....##.#............
###.#####.######.................
#.# #.#....z@.<.........#....
#.#####......))...##.....######
#.#..####.....#.#.##.........##
###.#................##..........
................#.#............##
.................................
..........###......#...........##
....##....# #....###..........#..
....##...## #..#.###..#..##.###..


You could see a wight.

Vanquished Creatures
  Blork the orc (D:4)
  A hound (D:3)
  3 adders
  2 worms (D:2)
  A dart slug (D:2)
  3 orcs (D:2)
  5 bats
  6 endoplasms
  5 giant cockroaches
  10 goblins
  5 hobgoblins
  4 jackals (D:1)
  3 kobolds
  A quokka (D:3)
  4 ball pythons
  2 frilled lizards (D:1)
  3 rats
59 creatures vanquished.

Notes
Turn   | Place    | Note
-------+----------+-------------------------------------------
     0 | D:1      | porpoise the Octopode Venom Mage began the quest for the
                  | Orb.
     0 | D:1      | Reached XP level 1. HP: 11/11 MP: 3/3
   260 | D:1      | Found Meshry's Book Shoppe.
   263 | D:1      | Reached skill level 3 in Stealth
   277 | D:1      | Reached XP level 2. HP: 15/18 MP: 1/5
   855 | D:1      | Reached skill level 1 in Fighting
   857 | D:1      | Reached XP level 3. HP: 21/23 MP: 1/6
   863 | D:1      | Reached skill level 4 in Stealth
  1296 | D:1      | Learned a level 2 spell: Poisonous Vapours
  3311 | D:3      | Reached XP level 4. HP: 28/28 MP: 4/7
  3375 | D:3      | Found Joufroph's Magic Scroll Shoppe.
  3430 | D:3      | Bought a scroll of teleportation for 30 gold pieces
  3430 | D:3      | Bought a scroll of identify for 20 gold pieces
  3430 | D:3      | Bought a scroll of identify for 20 gold pieces
  3430 | D:3      | Bought a scroll of identify for 20 gold pieces
  3430 | D:3      | Bought a scroll of blinking for 75 gold pieces
  3739 | D:3      | Noticed a sky beast
  4040 | D:4      | Noticed Edmund
  4275 | D:4      | Noticed Blork the orc
  4286 | D:4      | Killed Blork the orc
  4287 | D:4      | Reached skill level 5 in Stealth
  4287 | D:4      | Reached XP level 5. HP: 16/34 MP: 0/8
  4699 | D:3      | Reached skill level 6 in Stealth
  5421 | D:3      | Slain by a wight

Illustrated notes

Levels and vault maps discovered:
D:1:      lightli_arrival_boilingwater, layout_basic, serial_shops, shop_coins
D:2:      layout_basic
D:3:      layout_rooms, serial_shops, shop, lightli_corner_chamber
D:4:      layout_rooms, uniq_robin, uniq_edmund, uniq_blork_the_orc

Skill      XL: |  1  2  3  4  5 |
---------------+----------------+-----
Stealth        | 3 4 5 6 |  6.2
Poison Magic   | 4 |  4.8
Fighting       | 1 2 |  2.3
Dodging        | |  2.0
Spellcasting   | |  2.0
Transmutations | |  1.0

Action                   |  1- 3 |  4- 6 || total
-------------------------+-------+-------++-------
Melee: Dagger            |    78 |    36 ||   114
       Constrict         |    18 |     7 ||    25
       Tentacles         |    11 |     5 ||    16
 Cast: Sting             |    17 |     6 ||    23
       Poisonous Vapours |    15 |    16 ||    31
  Use: Scroll            |       |     5 ||     5
 Stab: Sleeping          |     5 |     1 ||     6
Armor: Skin              |     4 |     4 ||     8
Dodge: Dodged            |    59 |    39 ||    98

Table legend: (Time is in decaauts)
 A = Elapsed time spent in this place.
 B = Non-inter-level travel time spent in this place.
 C = Inter-level travel time spent in this place.
 D = Time resting spent in this place.
 E = Time spent auto-exploring this place.
 F = Levels seen in this place.
 G = Mean time per level.
                   A        B        C        D        E       F      G
               +--------+--------+--------+--------+--------+-----+--------+
         Total |   5431 |   5249 |    182 |   3301 |   1340 |   4 | 1357.8 |
       Dungeon |   5431 |   5249 |    182 |   3301 |   1340 |   4 | 1357.8 |
               +--------+--------+--------+--------+--------+-----+--------+

Top non-repeatable levels by time:
     D:1: 2176 daAuts
     D:3: 1679 daAuts
     D:2: 1329 daAuts
     D:4: 245 daAuts
